 Dungeon Crawl Stone Soup version 0.32-a0-685-g93135e86f0 (webtiles) character file.

Game seed: 12186180245230185073

73 Dadgum123 the Insei (level 4, -3/40 HPs)
             Began as a Draconian Monk on Nov 22, 2023.
             Slain by an orc
             ... wielding a +0 mace
              (7 damage)
             ... on level 3 of the Dungeon on Mar 12, 2024.
             The game lasted 00:20:14 (1615 turns).

Dadgum123 the Insei (Draconian Monk)                Turns: 1615, Time: 00:20:15

Health: -3/40      AC:  6    Str: 13    XL:     4   Next: 8%
Magic:  4/4        EV: 13    Int: 10    God:
Gold:   121        SH:  0    Dex: 16    Spells: 3/3 levels left

rFire   . .          .
                       - Unarmed
rCold   . . .        b - orb {light}
rNeg    . . .        (body armour unavailable)
rPois   .            (helmet restricted)
rElec   .            (no cloak)
rCorr   .            (no gloves)
SInv    .            f - +0 pair of boots
Will    .....        (no amulet)
Stlth   +            (no ring)
HPRegen 0.26/turn    (no ring)
MPRegen 0.09/turn

%: no passive effects
@: glowing
A: AC +5, unfitting armour, cold-blooded
a: no special abilities


You were on level 3 of the Dungeon.
You visited 1 branch of the dungeon, and saw 3 of its levels.

You collected 121 gold pieces.

Inventory:

Missiles
 j - a throwing net
Armour
 b - an orb of light (worn)
 c - a +0 robe
 f - a +0 pair of boots (worn)
Jewellery
 g - a ring of poison resistance
Scrolls
 d - a scroll of identify
 k - a scroll of enchant armour {unknown}
Potions
 a - 2 potions of ambrosia
 e - a potion of resistance {unknown}
 i - a potion of mutation {unknown}


   Skills:
 + Level 3.7 Fighting
 + Level 3.3 Dodging
 + Level 4.1 Unarmed Combat


You had 3 spell levels left.
You didn't know any spells.
Your spell library contained the following spells:

 Spells                   Type           Power      Damage    Failure   Level
 Cigotuvi's Dreadful Rot  Necr/Alch/Air  0%         N/A       50%         2
 Dispel Undead            Necr           0%         3d6       98%         4
 Death Channel            Necr           0%         N/A       100%        6


Dungeon Overview and Level Annotations

Branches:
Dungeon (3/15)

Altars:


Innate Abilities, Weirdness & Mutations

Your plain brown scales are hard. (AC +5)
You cannot fit into any form of body armour.
You are cold-blooded and may be slowed by cold attacks.


Message History

The orc is severely wounded.
The orc hits you but does no damage. The orc completely misses you.
The orc barely misses you.
You hit the orc.
You kill the orc!
The orc closely misses you. x2
You hit the orc.
The orc is moderately wounded.
The orc hits you with a +0 mace. The orc barely misses you.
You hit the orc.
The orc is moderately wounded.
The orc hits you with a +0 flail. The orc hits you with a +0 mace.
You hit the orc but do no damage. You tail-slap the orc.
The orc is heavily wounded.
The orc closely misses you. The orc hits you but does no damage.
The orc misses you.
You hit the orc.
You kill the orc!
The orc closely misses you. The orc hits you with a +0 mace.
The orc barely misses you. The orc hits you but does no damage.
Things that are here:
a +0 whip; a +0 scale mail; an orc corpse You hit the orc but do no damage.
The orc is lightly wounded.
The orc barely misses you. The orc completely misses you.
You hit the orc but do no damage. You tail-slap the orc.
The orc is moderately wounded.
The orc hits you with a +0 flail. The orc hits you with a +0 mace.
* * * LOW HITPOINT WARNING * * *
You hit the orc but do no damage.
The orc is moderately wounded.
The orc hits you with a +0 flail.
* * * LOW HITPOINT WARNING * * *
You hit the orc.
The orc is heavily wounded.
The orc hits you but does no damage. The orc hits you with a +0 flail.
* * * LOW HITPOINT WARNING * * *
The orc attacks as it pursues you! The orc closely misses you. x2
The orc attacks as it pursues you! The orc hits you with a +0 mace!
You die...

################
################
################
################
##............##
##.##########.##
#.#....).####.######
##.###.)o..........#
##.###..o@.........#######
##.###.###.##.##.......o..
##.###.............#######
##.###.###.##.##...#
##.###.####.#.#....# ****
#..##...####.....>.#***,,,
#.....#.......##.......,,,
#.###...####.####..####,**
#.# *#.#####.# #..# *,*


You could see 2 orcs.

Vanquished Creatures
  An adder (D:3)
  2 ribbon worms (D:2)
  A dart slug (D:1)
  5 orcs
  4 endoplasms (D:1)
  3 goblins
  4 hobgoblins
  2 jackals (D:1)
  7 ball pythons
  8 bats
  A frilled lizard (D:1)
  6 kobolds
  5 rats
49 creatures vanquished.

Notes
Turn   | Place    | Note
-------+----------+-------------------------------------------
     0 | D:1      | Dadgum123 the Draconian Monk began the quest for the Orb.
     0 | D:1      | Reached XP level 1. HP: 19/19 MP: 1/1
   156 | D:1      | Reached XP level 2. HP: 17/26 MP: 2/2
   515 | D:1      | Reached XP level 3. HP: 33/33 MP: 3/3
  1041 | D:2      | Upgraded the game from 0.31-a0-986-g5e6e4ef867 to
                  | 0.31-a0-1074-g0b22e4e0f1
  1145 | D:2      | Upgraded the game from 0.31-a0-1074-g0b22e4e0f1 to
                  | 0.31-a0-1204-ge2c1a860ed
  1145 | D:2      | Upgraded the game from 0.31-a0-1204-ge2c1a860ed to
                  | 0.32-a0-685-g93135e86f0
  1374 | D:3      | Reached skill level 4 in Unarmed Combat
  1600 | D:3      | Reached XP level 4. HP: 34/40 MP: 4/4
  1615 | D:3      | Slain by an orc

Illustrated notes

Levels and vault maps discovered:
D:1:      wander_arrival_estate, layout_basic, serial_rivers,
          chequers_serial_rivers_small_b, chequers_serial_rivers_micro_b,
          chequers_serial_rivers_room_b, chequers_serial_rivers_small_b
D:2:      layout_basic, shapermc_ecumenical_altar_hornbeckon
D:3:      layout_loops_ring, nicolae_overflow_hallway_of_the_gods,
          nicolae_houndstooth_variations, uniq_ijyb, uniq_crazy_yiuf_cottage

Skill      XL: |  1  2  3 |
---------------+----------+-----
Dodging        | 3 |  3.3
Unarmed Combat | 4 |  4.1
Fighting       | |  3.7

Action                     |  1- 3 |  4- 6 || total
---------------------------+-------+-------++-------
  Melee: Unarmed           |   130 |    13 ||   143
         Tailslap          |    24 |     2 ||    26
    Use: Scroll            |     5 |       ||     5
         Potion            |     1 |       ||     1
 Armour: Skin              |    79 |    20 ||    99
  Dodge: Dodged            |    89 |    15 ||   104

Table legend: (Time is in decaauts)
 A = Elapsed time spent in this place.
 B = Non-inter-level travel time spent in this place.
 C = Inter-level travel time spent in this place.
 D = Time resting spent in this place.
 E = Time spent auto-exploring this place.
 F = Levels seen in this place.
 G = Mean time per level.
                   A        B        C        D        E       F      G
               +--------+--------+--------+--------+--------+-----+--------+
         Total |   1614 |    367 |   1247 |      0 |      0 |   3 |  538.0 |
       Dungeon |   1614 |    367 |   1247 |      0 |      0 |   3 |  538.0 |
               +--------+--------+--------+--------+--------+-----+--------+

Top non-repeatable levels by time:
     D:1: 807 daAuts
     D:3: 430 daAuts
     D:2: 375 daAuts
